 Dungeon Crawl Stone Soup version 0.25-a0-1056-g2efb326896 (webtiles) character file.

Game seed: 18008212390037427351, levelgen mode: deterministic

526 Flugslaktarn the Chopper (level 7, 0/63 HPs)
             Began as a Deep Dwarf Fighter on May 13, 2020.
             Was an Initiate of Makhleb.
             Slain by an ogre
             ... wielding a +0 giant club
              (19 damage)
             ... on level 4 of the Dungeon.
             The game lasted 00:01:13 (1280 turns).

Flugslaktarn the Chopper (Deep Dwarf Fighter)       Turns: 1280, Time: 00:01:14

Health: 0/63       AC: 10    Str: 20    XL:     7   Next: 2%
Magic:  6/6        EV:  7    Int:  8    God:    Makhleb [......]
Gold:   101        SH: 10    Dex: 14    Spells: 6/6 levels left

rFire    . . .     SeeInvis .   a - +0 war axe
rCold    . . .     Gourm    .   c - +0 kite shield
rNeg     . . .     Faith    .   b - +0 scale mail
rPois    .         Spirit   .   j - +0 helmet (curse)
rElec    .         Reflect  .   (no cloak)
rCorr    .         Harm     .   (no gloves)
MR       +....                  v - +1 pair of boots
Stlth    ..........             (no amulet)
HPRegen  0.00/turn              p - ring of wizardry (curse)
MPRegen  0.10/turn              (no ring)

@: non-regenerating
A: damage resistance, heal wounds, sense surroundings 1, no regeneration
a: Heal Wounds, Renounce Religion


You were on level 4 of the Dungeon.
You worshipped Makhleb.
Makhleb was noncommittal.
You were not hungry.

You visited 2 branches of the dungeon, and saw 5 of its levels.

You collected 101 gold pieces.

Inventory:

Hand Weapons
 a - a +0 war axe (weapon)
Armour
 b - a +0 scale mail (worn)
 c - a +0 kite shield (worn)
 j - a cursed +0 helmet (worn)
   (You found it on level 1 of the Dungeon)
 v - a +1 pair of boots (worn)
   (You found it on level 4 of the Dungeon)
Jewellery
 p - a cursed ring of wizardry (left hand)
   (You found it on level 2 of the Dungeon)
Scrolls
 g - a scroll of noise {unknown}
 i - 2 scrolls of amnesia {unknown}
 q - a scroll of random uselessness {unknown}
 s - 2 scrolls of identify {unknown}
 t - a scroll of immolation {unknown}
Potions
 d - a potion of might
 f - a potion of resistance {unknown}
 h - a potion of flight {unknown}
 k - a potion of haste {unknown}
 l - a potion of stabbing {unknown}
 m - a potion of brilliance {unknown}
 n - a potion of cancellation {unknown}
 o - a potion of magic {unknown}
 r - 2 potions of invisibility {unknown}
 w - a potion of lignification {unknown}
Comestibles
 e - 6 rations
 u - 4 chunks of flesh


   Skills:
 + Level 3.9 Fighting
 * Level 5.4 Axes
 + Level 4.8 Armour
 + Level 4.9 Shields
 + Level 1.2 Invocations


You had 6 spell levels left.
You didn't know any spells.
Your spell library was empty.

Dungeon Overview and Level Annotations

Branches:
Dungeon (4/15)             Temple (1/1) D:4

Altars:
Ashenzari
Cheibriados
Dithmenos
Elyvilon
Fedhas
Hepliaklqana
Makhleb
Nemelex Xobeh
Okawaru
Qazlal
Vehumet
Wu Jian
Xom
Yredelemnul

Annotations:
D:3 3 runed translucent doors, wullow's ghost, amateur DsWn


Innate Abilities, Weirdness & Mutations

You are resistant to damage.
You can heal yourself by infusing magical energy.
You passively map a small area around you.
You do not regenerate.


Message History

An ogre comes into view. It is wielding a +0 giant club.
The ogre shouts!
An ogre is nearby!
An ogre is nearby!
Your scale mail prevents you from hitting the ogre.
The ogre hits you with a +0 giant club!!
You fail to use your ability.
You block the ogre's attack.
You hit the ogre.
The ogre is moderately wounded.
The ogre barely misses you.
You hit the ogre.
The ogre is heavily wounded.
You block the ogre's attack.
You completely miss the ogre.
The ogre is heavily wounded.
You block the ogre's attack.
You hit the ogre.
The ogre is severely wounded.
The ogre hits you with a +0 giant club!!
You die...

* * *#. *,* , ..######+## *
* #.?......#######
#........#......
#...............
#...............
#.....(.........
#...O@..........
#######......#** ###
########......# ..##
#.....##.###### #..####
#.....##.#
......#####.....##.######
**
.#.##...........'........(,
.#.....###......######....,
....#..# #......# * ##*


You could see an ogre.

Vanquished Creatures
  Grinder (D:3)
  A phantom (D:4)
  A scorpion (D:4)
  Ijyb (D:4)
  2 worker ants (D:4)
  4 adders
  An adder skeleton (D:4)
  4 dart slugs
  2 leopard geckos
  10 orcs (D:3)
  10 bats
  A goblin (D:1)
  9 hobgoblins
  12 jackals
  4 kobolds (D:2)
  2 quokkas (D:2)
  A frilled lizard (D:4)
  6 rats
72 creatures vanquished.

Notes
Turn   | Place    | Note
-------+----------+-------------------------------------------
     0 | D:1      | Flugslaktarn the Deep Dwarf Fighter began the quest for the
                  | Orb.
     0 | D:1      | Reached XP level 1. HP: 20/20 MP: 1/1
    94 | D:1      | Reached XP level 2. HP: 24/27 MP: 2/2
   234 | D:1      | Reached skill level 3 in Axes
   238 | D:1      | Reached XP level 3. HP: 22/33 MP: 3/3
   603 | D:2      | Reached XP level 4. HP: 27/42 MP: 4/4
   853 | D:3      | Found a runed translucent gate.
   854 | D:3      | Found a runed translucent gate.
   854 | D:3      | Noticed wullow's ghost (amateur DsWn)
   855 | D:3      | Found a runed translucent gate.
   856 | D:3      | Noticed a big kobold
   856 | D:3      | Noticed a big kobold
   937 | D:3      | Noticed Grinder
   944 | D:3      | Paralysed by Grinder for 4 turns
   953 | D:3      | Paralysed by Grinder for 2 turns
   965 | D:3      | Killed Grinder
   965 | D:3      | Reached skill level 4 in Axes
   965 | D:3      | Reached XP level 5. HP: 28/50 MP: 4/4
   965 | D:3      | Reached XP level 6. HP: 32/57 MP: 5/5
  1013 | D:4      | Found a staircase to the Ecumenical Temple.
  1023 | D:4      | Reached skill level 5 in Axes
  1031 | Temple   | Entered the Ecumenical Temple
  1094 | Temple   | Became a worshipper of Makhleb the Destroyer
  1151 | D:4      | Reached skill level 1 in Invocations
  1176 | D:4      | Noticed Ijyb
  1213 | D:4      | Killed Ijyb
  1213 | D:4      | Reached XP level 7. HP: 38/63 MP: 6/6
  1280 | D:4      | Slain by an ogre

Illustrated notes

Levels and vault maps discovered:
D:1:      giann_bridges, layout_loops_ring
D:2:      layout_loops_ring
D:3:      layout_basic, grunt_gozag_breadcrumbs, gammafunk_ghost_nasty_kobolds,
          first_ration, uniq_natasha, uniq_grinder
D:4:      layout_basic, tso_metal_star, marbit_many_paths, led_sif_pool,
          gammafunk_temple_overflow_statue, minmay_temple_entry_ruins,
          nemelex_diamond_rough_becter, uniq_ijyb
Temple:   zaba_magenta_temple

Skill      XL: |  1  2  3  4  5  6 |
---------------+-------------------+-----
Axes           | 3 4 5 |  5.4
Fighting       | 3 |  3.9
Armour         | 4 |  4.8
Shields        | 4 |  4.9
Invocations    | 1 |  1.2

Action                   |  1- 3 |  4- 6 |  7- 9 || total
-------------------------+-------+-------+-------++-------
Melee: War axe           |   118 |   127 |     5 ||   250
 Abil: Heal Wounds       |     1 |     6 |       ||     7
  Eat: Chunk             |       |     1 |     1 ||     2
Armor: Scale mail        |    95 |    71 |       ||   166
Dodge: Dodged            |    51 |    47 |     1 ||    99
Block: Kite shield       |    86 |    69 |     3 ||   158

Table legend:
 A = Non-vault XP
 B = Vault XP
 C = Vault XP percentage of total XP
 D = Non-vault monster count
 E = Vault monster count
 F = Vault count percentage of total count
                 A         B        C        D         E       F
            +---------+---------+-------+---------+---------+-------
      Total |     447 |     305 |  40.6 |      70 |       2 |   2.8
            +---------+---------+-------+---------+---------+-------
        D:1 |      60 |       0 |   0.0 |      29 |       0 |   0.0
        D:2 |      69 |       0 |   0.0 |      20 |       0 |   0.0
        D:3 |      47 |     267 |  85.0 |      13 |       1 |   7.1
        D:4 |     271 |      38 |  12.3 |       8 |       1 |  11.1
            +---------+---------+-------+---------+---------+-------
